 Dungeon Crawl Stone Soup version 0.32-a0-961-gd60f5e5fc7 (webtiles) character file.

Game seed: 14101814151118523132

80734 whatisthis the Zephyrmancer (level 15, 0/125 HPs)
             Began as a Barachi Air Elementalist on Apr 17, 2024.
             Was a High Priest of Sif Muna.
             Succumbed to Nessos's poison
             ... on level 14 of the Dungeon.
             The game lasted 01:12:33 (20112 turns).

whatisthis the Zephyrmancer (BaAE)                 Turns: 20112, Time: 01:12:33

Health: 0/125      AC:  6    Str: 11    XL:     15   Next: 68%
Magic:  27/33      EV: 15    Int: 21    God:    Sif Muna [*****.]
Gold:   1803       SH:  0    Dex: 16    Spells: 24/43 levels left

rFire   + + .        r - staff of air
rCold   . . .        s - orb of the Equator {*channel, Harm Rampage *Corrode Regen+}
rNeg    . . .        C - +2 robe {rF+}
rPois   .            F - +1 hat
rElec   +            D - +0 cloak
rCorr   .            I - +2 pair of gloves
SInv    +            Z - +0 pair of boots
Will    ++...        l - amulet of magic regeneration
Stlth   ++           e - ring of protection from fire
HPRegen 1.20/turn    U - ring of Omucva {Wiz rElec Will+ Dex+3 SInv}
MPRegen 0.63/turn

%: corrode self (3%), harm (+30% outgoing, +20% incoming), rampage, wizardry
(x1), channel magic (20%)
@: lethally poisoned (0 -> -40), swift, corroded, quick
A: amphibious, slowness 1, strong legs 2, +LOS
a: Hop, Renounce Religion, Channel Magic, Forget Spell, Divine Exegesis


You were on level 14 of the Dungeon.
You worshipped Sif Muna.
Sif Muna was extremely pleased with you.
You visited 2 branches of the dungeon, and saw 19 of its levels.

You collected 1803 gold pieces.

Inventory:

Hand Weapons
 B - a +2 whip of electrocution
 L - the +1 long sword "Hous" {venom, MP+9 Dex+3}
   (You found it on level 1 of the Lair of Beasts)

   Dex+3:     It affects your dexterity (+3).
   MP+9:      It affects your magic capacity (+9).
 P - the +8 sling of the Twenty-Seven Beds {freeze, *Corrode rPois Will+ Dex+8}
   (You took it off a skeletal warrior on level 13 of the Dungeon)

   Dex+8:     It affects your dexterity (+8).
   rPois:     It protects you from poison.
   Will+:     It increases your willpower.
   *Corrode:  It may corrode you when you take damage.
Missiles
 t - 41 poisoned darts
 u - 2 curare-tipped darts
 v - 5 throwing nets
Armour
 s - the orb of the Equator (worn) {*channel, Harm Rampage *Corrode Regen+}
   (You found it on level 3 of the Dungeon)

   Regen+:    It increases your rate of health regeneration.
   *Corrode:  It may corrode you when you take damage.
   Harm:      It increases damage dealt and taken.
   Rampage:   It bestows one free step when moving towards enemies.
 C - a +2 robe of fire resistance (worn)
 D - a +0 cloak (worn)
 F - a +1 hat (worn)
 I - a +2 pair of gloves (worn)
 K - an orb of energy
 Z - a +0 pair of boots (worn)
Magical Staves
 r - a staff of air (weapon)
Jewellery
 e - a ring of protection from fire (left hand)
 f - a +5 ring of evasion
 l - an amulet of magic regeneration (around neck)
 S - a ring of ice
 U - the ring of Omucva (right hand) {Wiz rElec Will+ Dex+3 SInv}
   (You found it on level 11 of the Dungeon)

   [ring of wizardry]

   Wiz:       It improves your spell success rate.
   Dex+3:     It affects your dexterity (+3).
   rElec:     It insulates you from electricity.
   Will+:     It increases your willpower.
   SInv:      It lets you see invisible.
 V - an amulet of regeneration
 Y - a ring of flight
Wands
 w - a wand of light (6)
 y - a wand of polymorph (9)
 H - a wand of roots (23)
 Q - a wand of charming (22)
 T - a wand of flame (12)
 W - a wand of digging (21)
Scrolls
 d - 4 scrolls of fear
 g - 6 scrolls of poison
 i - 3 scrolls of brand weapon
 j - 7 scrolls of enchant weapon
 m - 8 scrolls of immolation
 p - 11 scrolls of teleportation
 q - 4 scrolls of blinking
 x - a scroll of silence
 A - a scroll of summoning
 M - 2 scrolls of revelation
 X - a scroll of acquirement {unknown}
Potions
 a - 2 potions of attraction {unknown}
 b - 2 potions of magic
 c - 2 potions of enlightenment
 k - 2 potions of cancellation {unknown}
 n - 2 potions of haste {unknown}
 o - 4 potions of might {unknown}
 z - 3 potions of resistance
 E - 3 potions of heal wounds
 G - 2 potions of degeneration {unknown}
 J - 3 potions of lignification {unknown}
 N - a potion of mutation {unknown}
 O - a potion of ambrosia {unknown}
Miscellaneous
 R - a lightning rod (4/4)


   Skills:
 + Level 13.7 Fighting
 - Level 7.5 Dodging
 - Level 1.7 Stealth
 + Level 14.7 Spellcasting
 + Level 14.5 Conjurations
 + Level 14.8 Air Magic
 - Level 6.1 Alchemy


You had 24 spell levels left.
You knew the following spells:

 Your Spells              Type           Power      Damage    Failure   Level
a - Shock                 Conj/Air       100%       1d9       1%          1
b - Static Discharge      Conj/Air       100%       3-8/arc   1%          2
c - Swiftness             Air            86%        N/A       1%          3
d - Airstrike             Air            43%        2d(7-23)  1%          4
e - Olgreb's Toxic Radia  Alch           41%        N/A       4%          4
f - Irradiate             Conj/Alch      28%        3d21      2%          5

Your spell library contained the following spells:

 Spells                   Type           Power      Damage    Failure   Level
 Foxfire                  Conj/Fire      100%       2x1d9     1%          1
 Kiss of Death            Conj/Necr      100%       2d13      1%          1
 Magic Dart               Conj           100%       1d8       1%          1
 Sting                    Conj/Alch      100%       1d9       1%          1
 Cigotuvi's Dreadful Rot  Necr/Alch/Air  100%       N/A       1%          2
 Mercury Vapours          Alch/Air       100%       N/A       1%          2
 Hailstorm                Conj/Ice       46%        3d10      1%          3
 Mephitic Cloud           Conj/Alch/Air  78%        N/A       1%          3
 Stone Arrow              Conj/Erth      92%        3d12      1%          3
 Conjure Ball Lightning   Conj/Air       43%        3x3d15    2%          6
 Brom's Barrelling Bould  Conj/Erth      46%        2d6       3%          4
 Flame Wave               Conj/Fire      46%        2d12      3%          4
 Summon Lightning Spire   Summ/Air       63%        N/A       3%          4
 Apportation              Tloc           30%        N/A       5%          1
 Freeze                   Ice            60%        1d7       5%          1
 Sandblast                Erth           30%        2d9       5%          1
 Blink                    Tloc           30%        N/A       7%          2
 Call Imp                 Summ           30%        N/A       7%          2
 Ensorcelled Hibernation  Hex/Ice        30%        N/A       7%          2
 Jinxbite                 Hex            30%        N/A       7%          2
 Sublimation of Blood     Necr           15%        N/A       7%          2
 Alistair's Intoxication  Alch           27%        N/A       9%          5
 Confusing Touch          Hex            15%        N/A       12%         3
 Frozen Ramparts          Ice            30%        1d5       12%         3
 Maxwell's Portable Pile  Tloc           15%        2d(6-18)  12%         3
 Passwall                 Erth           15%        N/A       12%         3
 Summon Ice Beast         Ice/Summ       15%        N/A       12%         3
 Petrify                  Alch/Erth      28%        N/A       12%         4
 Plasma Beam              Fire/Air       31%        2x1d44    22%         6
 Starburst                Conj/Fire      23%        6d8       24%         6
 Anguish                  Hex/Necr       7%         N/A       28%         4
 Maxwell's Capacitive Co  Air            43%        ∞         38%         8
 Metabolic Englaciation   Hex/Ice        7%         N/A       56%         5
 Summon Mana Viper        Hex/Summ       15%        N/A       56%         5
 Magnavolt                Erth/Air       31%        3d16      67%         7
 Spellforged Servitor     Conj/Summ      23%        N/A       69%         7
 Fulsome Fusillade        Conj/Alch      28%        (3-5)d10  89%         8
 Chain Lightning          Conj/Air       43%        3d57      99%         9
 Malign Gateway           Summ/Tloc      7%         N/A       100%        7
 Monstrous Menagerie      Summ           7%         N/A       100%        7
 Summon Hydra             Summ           7%         N/A       100%        7
 Summon Horrible Things   Summ           7%         N/A       100%        8


Dungeon Overview and Level Annotations

Branches:
Dungeon (14/15)            Temple (0/1) D:7            Lair (5/5) D:8
  Swamp (0/4) Lair:2        Snake (0/4) Lair:2        Slime (0/5) Lair:5
    Orc (0/2) D:11         Vaults (0/5) D:13

Altars:
Cheibriados
Dithmenos
Elyvilon
Gozag
Hepliaklqana
Kikubaaqudgha
Okawaru
Qazlal
Ru
Sif Muna
Trog
Uskayaw
Xom
The Shining One
Beogh

Shops:
D:7 *   D:9 [   D:10 ?*   D:11 [

Annotations:
D:3 3 runed translucent doors, Crazy Yiuf; Orlauf's ghost, amateur DsGl
D:4 2 runed translucent doors, ezpacito's ghost, novice CoCK
D:14 Nessos


Innate Abilities, Weirdness & Mutations

You are amphibious.
You cover ground slowly.
You can hop long distances.
You have an extended range of vision and can be seen from far away.


Message History

Aim: Nessos, wearing a +0 barding (empty space bonus: 8/8)
You feel a surge of power!
The air twists around and strikes Nessos!
Nessos is moderately wounded.
Nessos gestures wildly while chanting.
Nessos seems to speed up.
Nessos wields a +1 longbow of flaming.
It bursts into flame!
Nessos shoots an arrow.
The arrow hits you! The arrow burns you.
You are poisoned.
Aiming: Polymorph
Press: ? - help, Shift-Dir - straight line, f/p - Nessos
Aim: Nessos, wielding a +1 longbow of flaming and wearing a +0 barding (moderately wounded, fast, will become a glowing shapeshifter, a komodo dragon, or a fire crab, chance to affect: 49%)
Okay, then.
You feel very sick.
Casting: Airstrike (mildly dangerous; 1% risk of failure)
Confirm with . or Enter, or press ? or * to list all spells.
You feel a surge of power!
You feel quick. Magical energy flows into your mind!
You feel sick.
Nessos shoots an arrow.
The arrow hits you!! The arrow burns you.
You are more poisoned.
Nessos shoots an arrow.
The arrow hits you!!
* * * LOW HITPOINT WARNING * * *
Nessos shoots an arrow.
The arrow hits you.
* * * LOW HITPOINT WARNING * * *
You are more poisoned.
Unknown command.
It was a potion of heal wounds.
You feel much better.
* * * LOW HITPOINT WARNING * * *
You feel extremely sick.
Nessos shoots an arrow.
The arrow hits you!
* * * LOW HITPOINT WARNING * * *
The arrow burns you.
You are more poisoned.
* * * LOW HITPOINT WARNING * * *
Nessos gestures wildly while chanting.
Nessos blinks!
Blink to where?
Press: ? - help, Dir - move target, p - Nessos
As you read the scroll of blinking, it crumbles to dust.
You die...

.............#####.##.#.#
.§...........# #......#.#
....$.......[# #.#.####.#
.............# #...####.#
.............#######....#
.......########....#.####
......)########.##...#..#
c.......§...............#
#####'##########@...##.##
......# #..#....# #######
######### ##.##.# ......#
#.....# ...#### ####


There were no monsters in sight!

Vanquished Creatures
  Rupert (Lair:4)
  Josephine (Lair:3)
  Erolcha (D:9)
  3 hydras
  Erica (D:11)
  A death knight (D:14)
  7 centaur warriors (D:13)
  3 boulder beetles
  4 two-headed ogres
  A hell hog (Lair:5)
  2 tengu warriors
  A hell knight (D:13)
  A skyshark (Lair:3)
  2 deep elf knights (D:13)
  5 skeletal warriors
  2 fire crabs
  Amaemon (Lair:3)
  A harpy (shapeshifter) (D:13)
  Pikel (D:5)
  2 bog bodies (Lair:2)
  8 deep elf pyromancers (D:13)
  A phantasmal warrior (D:14)
  A wolf spider (Lair:5)
  7 oklob plants (Lair:5)
  3 cyclopes
  3 meliai (D:14)
  2 manticores
  9 black mambas
  A guardian serpent (Lair:5)
  16 elephants
  A torpor snail (Lair:5)
  A gargoyle (D:10)
  An orange demon (Lair:3)
  5 molten gargoyles (D:13)
  11 cane toads
  3 rime drakes (Lair:3)
  A kobold demonologist (D:12)
  12 komodo dragons
  A tengu conjurer (D:14)
  4 trolls
  12 polar bears
  2 raiju (Lair:5)
  A hornet (shapeshifter) (D:14)
  3 hornets
  8 blink frogs
  6 dream sheep (Lair:5)
  3 slime creatures (D:13)
  3 shadows
  A vampire (D:12)
  12 wyverns
  5 wraiths
  A steam dragon (D:9)
  28 yaks
  4 wargs (Lair:5)
  4 basilisks
  2 redbacks (Lair:5)
  3 swamp worms (Lair:1)
  8 nagas (Lair:2)
  2 acid dragons
  25 water moccasins
  15 hell hounds (Lair:5)
  Duvessa (D:6)
  A sky beast (D:7)
  4 orc warriors
  An ice beast (D:6)
  12 black bears
  18 wolves
  2 ogres (D:5)
  3 lemures
  9 centaurs
  8 kobold brigands
  A gnoll sergeant (D:10)
  7 bullfrogs
  2 scorpions
  9 wights
  Dowan (D:6)
  3 killer bees (D:11)
  2 electric eels
  2 bombardier beetles
  9 orc priests
  2 hounds
  A jelly (D:7)
  A gnoll bouda (D:7)
  An iguana (D:4)
  3 sleepcaps
  15 orc wizards
  Terence (D:3)
  24 gnolls
  14 adders
  A shadow imp (D:7)
  2 white imps
  4 ufetubi (D:7)
  3 dart slugs
  4 ribbon worms
  43 orcs
  5 ball pythons
  14 endoplasms
  7 giant cockroaches
  4 goblins
  5 hobgoblins
  8 jackals
  59 kobolds
  3 quokkas
  7 bats
  3 frilled lizards
  6 rats
615 creatures vanquished.

Notes
Turn   | Place    | Note
-------+----------+-------------------------------------------
     0 | D:1      | whatisthis the Barachi Air Elementalist began the quest for
                  | the Orb.
     0 | D:1      | Reached XP level 1. HP: 13/13 MP: 3/3
   336 | D:1      | Found a faded altar of an unknown god.
   415 | D:1      | Reached XP level 2. HP: 19/19 MP: 1/5
   464 | D:1      | Learned a level 2 spell: Static Discharge
  1168 | D:2      | Reached XP level 3. HP: 24/24 MP: 1/7
  1407 | D:2      | Learned a level 3 spell: Swiftness
  1770 | D:2      | Reached XP level 4. HP: 30/30 MP: 4/8
  1975 | D:2      | Reached XP level 5. HP: 33/35 MP: 5/10
  2312 | D:3      | Found a sacrificial altar of Ru.
  2597 | D:3      | Found a glowing drain.
  2648 | D:3      | Found a shimmering altar of Xom.
  2679 | D:3      | Found a large runed translucent door.
  2679 | D:3      | Found a large runed translucent door.
  2716 | D:3      | Noticed Orlauf's ghost (amateur DsGl)
  2753 | D:3      | Noticed Terence
  2780 | D:3      | Killed Terence
  2862 | D:3      | Identified the orb of the Equator {*channel, Harm Rampage
                  | *Corrode Regen+}
  2878 | D:3      | Noticed a kobold brigand
  2920 | D:3      | Reached XP level 6. HP: 41/41 MP: 10/12
  2955 | D:3      | Reached skill level 5 in Air Magic
  3165 | D:3      | HP: 2/41 [asphyx]
  3168 | D:3      | Reached XP level 7. HP: 9/46 MP: 10/14
  3388 | D:3      | Reached skill level 5 in Spellcasting
  3569 | D:3      | Found a runed translucent door.
  3570 | D:3      | Noticed Crazy Yiuf
  3808 | D:3      | Reached skill level 5 in Conjurations
  3813 | D:3      | Found an ancient bone altar of Kikubaaqudgha.
  4034 | D:4      | Found a roughly hewn altar of Beogh.
  4250 | D:4      | Reached XP level 8. HP: 48/52 MP: 12/16
  4277 | D:4      | Found a runed translucent door.
  4282 | D:4      | Noticed ezpacito's ghost (novice CoCK)
  4382 | D:4      | Found a stormy altar of Qazlal.
  4633 | D:4      | Found a runed translucent door.
  4741 | D:4      | Found a hide-covered altar of Uskayaw.
  4815 | D:5      | Entered Level 5 of the Dungeon
  4872 | D:5      | Noticed Pikel
  5104 | D:5      | Killed Pikel
  5155 | D:5      | Learned a level 4 spell: Airstrike
  5379 | D:5      | Found a hazy altar of Hepliaklqana.
  5459 | D:5      | Reached XP level 9. HP: 55/57 MP: 16/19
  5857 | D:6      | Found a shadowy altar of Dithmenos.
  6003 | D:6      | Found a bloodstained altar of Trog.
  6003 | D:6      | Noticed Duvessa
  6005 | D:6      | Killed Duvessa
  6022 | D:6      | Noticed Dowan
  6030 | D:6      | Killed Dowan
  6043 | D:6      | Found a shimmering blue altar of Sif Muna.
  6048 | D:6      | Got Sif Muna's Collected Works on Bodies
  6050 | D:6      | Became a worshipper of Sif Muna the Loreminder
  6622 | D:7      | Found Serymawki's Assorted Antiques.
  6638 | D:7      | Found a staircase to the Ecumenical Temple.
  7130 | D:7      | Reached * piety under Sif Muna
  7644 | D:8      | Noticed a fire crab
  7645 | D:8      | Found a staircase to the Lair.
  7651 | D:8      | Killed a fire crab
  7652 | D:8      | Reached XP level 10. HP: 59/63 MP: 15/22
  7997 | D:8      | Found a glowing golden altar of the Shining One.
  8101 | D:9      | Noticed Erolcha
  8108 | D:9      | Killed Erolcha
  8182 | D:9      | Reached skill level 10 in Air Magic
  8313 | D:9      | Found a white marble altar of Elyvilon.
  8348 | D:9      | Noticed a two-headed ogre
  8363 | D:9      | Killed a two-headed ogre
  8398 | D:9      | Found Laodghata's Armour Shoppe.
  8430 | D:9      | Reached ** piety under Sif Muna
  8434 | D:9      | Reached skill level 10 in Conjurations
  8530 | D:9      | Reached skill level 1 in Fighting
  8809 | D:9      | Learned a level 4 spell: Olgreb's Toxic Radiance
  8810 | D:10     | Entered Level 10 of the Dungeon
  8842 | D:10     | Noticed a two-headed ogre
  8849 | D:10     | Killed a two-headed ogre
  8850 | D:10     | Reached XP level 11. HP: 73/73 MP: 14/24
  8872 | D:10     | Reached skill level 10 in Spellcasting
  9053 | D:10     | Noticed a cyclops
  9058 | D:10     | Killed a cyclops
  9118 | D:10     | Found Fighynyi's Magic Scroll Boutique.
  9310 | D:10     | Reached skill level 5 in Fighting
  9469 | D:10     | Found a snail-covered altar of Cheibriados.
  9527 | D:10     | Found Gozag's Platinum Reserve.
  9530 | D:10     | Found an opulent altar of Gozag.
  9604 | D:11     | Found a frozen archway.
  9868 | D:11     | Reached *** piety under Sif Muna
  9893 | D:11     | Found a staircase to the Orcish Mines.
  9896 | D:11     | Found a roughly hewn altar of Beogh.
  9947 | D:11     | Noticed a cyclops
  9950 | D:11     | Killed a cyclops
  9951 | D:11     | Reached skill level 5 in Alchemy
  9987 | D:11     | Found Pudwy's Antique Armour Boutique.
 10022 | D:11     | Identified the ring of Omucva {Wiz rElec Will+ Dex+3 SInv}
 10195 | D:11     | Noticed Erica
 10198 | D:11     | Killed Erica
 10426 | D:11     | Identified the +6 flail of the Vase {flame, rF+}
 10444 | D:11     | Noticed a boulder beetle
 10458 | D:11     | Killed a boulder beetle
 10687 | Lair:1   | Entered Level 1 of the Lair of Beasts
 10767 | Lair:1   | Reached XP level 12. HP: 91/91 MP: 22/27
 10920 | Lair:1   | Identified the +1 long sword "Hous" {venom, MP+9 Dex+3}
 11965 | Lair:2   | Reached **** piety under Sif Muna
 11983 | Lair:2   | Got the Information on Bruises
 11990 | Lair:2   | Learned a level 5 spell: Irradiate
 12190 | Lair:2   | Found a staircase to the Snake Pit.
 12347 | Lair:2   | Found a staircase to the Swamp.
 12993 | Lair:3   | Gained mutation: You can hop long distances. [Barachi
                  | growth]
 12993 | Lair:3   | Reached XP level 13. HP: 101/101 MP: 29/29
 13057 | Lair:3   | Noticed Josephine
 13062 | Lair:3   | Killed Josephine
 13140 | Lair:3   | Identified the +7 whip "Goblinbane" {freeze, Stlth+}
 13161 | Lair:3   | Noticed Amaemon
 13165 | Lair:3   | Killed Amaemon
 13166 | Lair:3   | Reached skill level 10 in Fighting
 13413 | Lair:3   | Reached ***** piety under Sif Muna
 13733 | Lair:4   | Noticed Rupert
 14030 | Lair:4   | Killed Rupert
 14823 | Lair:5   | Entered Level 5 of the Lair of Beasts
 15309 | Lair:5   | Reached XP level 14. HP: 113/113 MP: 25/31
 15321 | Lair:5   | Reached skill level 5 in Dodging
 15521 | Lair:5   | Received a gift from Sif Muna
 15522 | Lair:5   | Got Puoweog's Incunable of Puissant Clouds {god gift}
 17264 | Lair:5   | Found a staircase to the Slime Pits.
 18254 | D:12     | Reached XP level 15. HP: 122/122 MP: 20/33
 18509 | D:13     | Received a gift from Sif Muna
 19138 | D:13     | Found a gate to the Vaults.
 19252 | D:13     | Got Paublotz's Grimoire of Misfortune and the Tempest {god
                  | gift}
 19512 | D:13     | Identified the +8 sling of the Twenty-Seven Beds {freeze,
                  | *Corrode rPois Will+ Dex+8}
 19633 | D:13     | Identified the +11 fire dragon scales of Janlugir {Rampage
                  | rF++ rC-}
 19898 | D:14     | Found an iron altar of Okawaru.
 20107 | D:14     | Noticed Nessos
 20112 | D:14     | Succumbed to Nessos's poison

Illustrated notes

Levels and vault maps discovered:
D:1:      lightli_arrival_chessboard, layout_basic,
          nicolae_ecumenical_lake_church
D:2:      layout_basic
D:3:      minmay_goblin_kobold_castle, layout_basic, xom_butterflies,
          lemuel_coloured_pillars_altar, nicolae_ru_path_of_blood,
          ebering_ghost_disaster_area, gup_sewer_entry_glass,
          minmay_strange_pillars, minmay_pentomino_pile,
          uniq_crazy_yiuf_cottage, uniq_terence
D:4:      layout_loops_cross, mainiacjoe_overflow_surrounded_room,
          general_overflow_altar, ebering_ghost_sewer_f, roderic_roman_lattice,
          kennysheep_orc_chapel
D:5:      layout_basic, mainiacjoe_overflow_alcove_1, kennysheep_nub, uniq_pikel
D:6:      layout_cave_pods, nzn_overflow_gifts_of_might_and_magic,
          mainiacjoe_overflow_24_doors
D:7:      layout_loops_corners, minmay_temple_entry_drinking_statues,
          serial_shops, nicolae_shop_crystal, minmay_misc_feat_pillars
D:8:      layout_basic, mainiacjoe_overflow_small_starburst,
          minmay_lair_entry_lava, serial_bayou_crossing
D:9:      nicolae_cairo_tiling_large, layout_rooms, overflow_temple_1_default,
          serial_shops, nicolae_shop_tiny_statue_garden, bh_walls_and_bars,
          uniq_erolcha
D:10:     nicolae_hitomezashi [nicolae_hito_row, nicolae_hito_row,
          nicolae_hito_row, nicolae_hito_row, nicolae_hito_row,
          nicolae_hito_row, nicolae_hito_row, nicolae_hito_row,
          nicolae_hito_row, nicolae_hito_row, nicolae_hito_row,
          nicolae_hito_row, nicolae_hito_row, nicolae_hito_row,
          nicolae_hito_row, nicolae_hito_row, nicolae_hito_row,
          nicolae_hito_row], layout_cave_pools, lemuel_doored_altar,
          nicolae_gozag_zags_fifth_avenue, serial_shops, shop
D:11:     layout_irregular_city, minmay_orc_entry_temple_small, serial_shops,
          shop, portal_ice_cave_entry_pillars_1, uniq_erica
D:12:     layout_basic, minivault_19
D:13:     regret_index_infernal_bastille, layout_irregular_city,
          hellmonk_vaults_attempted_burglary
D:14:     layout_basic, okawaru_trees_1, minmay_protected_statue, uniq_nessos
Lair:1:   layout_cave_pods, worms_lemuel, serial_bayou_shore_b,
          serial_bayou_shore_a
Lair:2:   layout_loops_ring, skrybe_swamp_entry_bodies,
          minmay_snake_entry_guardpost_large, st_stairs_13,
          cheibrodos_lair_reptile_den
Lair:3:   layout_hall_layers, pdpol_lair_cavern_descent, uniq_josephine,
          uniq_amaemon
Lair:4:   layout_long_grid, infiniplex_staircase_pool_2, grunt_megastairs_2,
          uniq_rupert
Lair:5:   hangedman_lair_caniforms_friends, layout_regular_city,
          hangedman_lair_tendril_chambers, dpeg_slime_entry_corner,
          dpeg_oklob_1, grunt_megastairs_4

Skill      XL: |  1  2  3  4  5  6  7  8  9 10 11 12 13 14 15 |
---------------+----------------------------------------------+-----
Conjurations   | 2 3 4 5 6 9 10 11 12 13 14 | 14.5
Spellcasting   | 3 4 5 6 8 9 11 12 13 14 | 14.7
Air Magic      | 4 5 6 7 9 10 12 13 14 | 14.8
Fighting       | 2 7 9 11 12 13 | 13.7
Alchemy        | 2 6 |  6.1
Dodging        | 4 7 |  7.5
Stealth        | |  1.7

Action                     |  1- 3 |  4- 6 |  7- 9 | 10-12 | 13-15 || total
---------------------------+-------+-------+-------+-------+-------++-------
  Melee: Whip              |     7 |    22 |    38 |     5 |       ||    72
         Long sword        |       |       |       |    14 |     7 ||    21
         Staff             |       |       |       |       |    34 ||    34
   Cast: Shock             |    73 |   119 |   112 |    48 |    31 ||   383
         Static Discharge  |     8 |    18 |    61 |    48 |    83 ||   218
         Swiftness         |       |     2 |     1 |     3 |    10 ||    16
         Airstrike         |       |       |    44 |   189 |   411 ||   644
         Olgreb's Toxic Ra |       |       |       |    14 |    54 ||    68
         Irradiate         |       |       |       |       |     5 ||     5
 Invoke: Channel Magic     |       |       |       |     1 |     2 ||     3
Ability: Hop               |       |       |     1 |     3 |     3 ||     7
  Evoke: Wand              |       |       |     6 |     2 |     6 ||    14
         Lightning rod     |       |       |       |       |     1 ||     1
    Use: Potion            |       |     1 |       |       |     5 ||     6
         Scroll            |       |       |     8 |     3 |     8 ||    19
 Armour: Robe              |    19 |    70 |   132 |   139 |   355 ||   715
  Dodge: Dodged            |    11 |    53 |    64 |    63 |   193 ||   384

Table legend: (Time is in decaauts)
 A = Elapsed time spent in this place.
 B = Non-inter-level travel time spent in this place.
 C = Inter-level travel time spent in this place.
 D = Time resting spent in this place.
 E = Time spent auto-exploring this place.
 F = Levels seen in this place.
 G = Mean time per level.
                   A        B        C        D        E       F      G
               +--------+--------+--------+--------+--------+-----+--------+
         Total |  22841 |  21790 |   1051 |   2834 |  13451 |  19 | 1202.2 |
       Dungeon |  15208 |  14526 |    682 |   1742 |   9528 |  14 | 1086.3 |
          Lair |   7633 |   7264 |    369 |   1091 |   3922 |   5 | 1526.6 |
               +--------+--------+--------+--------+--------+-----+--------+

Top non-repeatable levels by time:
  Lair:5: 2651 daAuts
     D:3: 2145 daAuts
  Lair:4: 1386 daAuts
     D:1: 1269 daAuts
    D:13: 1268 daAuts
  Lair:3: 1240 daAuts
  Lair:1: 1239 daAuts
    D:12: 1225 daAuts
     D:7: 1187 daAuts
  Lair:2: 1115 daAuts
     D:2: 1083 daAuts
     D:6: 1083 daAuts
    D:11: 1047 daAuts
     D:9: 1012 daAuts
    D:10: 1008 daAuts
